 Dungeon Crawl Stone Soup version 0.30-a0-534-gdc55766716 (webtiles) character file.

Game seed: 9564283798353775320

1089 bjtr the Firebug (level 8, 0/43 HPs)
             Began as a Gargoyle Fire Elementalist on Dec 24, 2022.
             Slain by a wight
             ... wielding a +0 halberd
              (11 damage)
             ... on level 6 of the Dungeon.
             The game lasted 00:26:36 (6029 turns).

bjtr the Firebug (Gargoyle Fire Elementalist)       Turns: 6029, Time: 00:26:36

Health: 0/43       AC:  9    Str: 12    XL:     8   Next: 30%
Magic:  5/15       EV: 11    Int: 18    God:
Gold:   291        SH:  0    Dex: 10    Spells: 7/17 levels left

rFire   + . .      SeeInvis .    B - +6 dire flail
rCold   + . .      Faith    .    (shield currently unavailable)
rNeg    + . .      Spirit   .    x - +0 leather armour
rPois   ∞          Reflect  .    (no helmet)
rElec   +          Harm     .    (no cloak)
rCorr   .          Rampage  .    (no gloves)
Will    .....                    (no boots)
Stlth   ++                       (no amulet)
HPRegen 0.27/turn                l - ring of protection from cold
MPRegen 0.14/turn                F - ring of protection from fire

@: no status effects
A: sickness immunity, AC +5, negative energy resistance 1, electricity
resistance, torment resistance 1, petrification resistance
a: no special abilities


You were on level 6 of the Dungeon.
You visited 1 branch of the dungeon, and saw 6 of its levels.

You collected 291 gold pieces.

Inventory:

Hand Weapons
 a - a +1 flail of holy wrath
 e - a +0 dagger
 f - a +0 hand axe
 j - a +0 mace
 m - a +0 trident
 q - a +4 dagger of freezing
 t - a +0 sling
 w - a +0 spear of pain
 z - a +1 trident of venom
 B - a +6 dire flail (weapon)
 G - a +0 war axe
 I - a +0 rapier
Missiles
 k - 12 poisoned darts (quivered)
 s - 8 atropa-tipped darts
Armour
 x - a +0 leather armour (worn)
 C - the +5 plate armour of the Dwarven Hall {Contam rC++ Int+4}
   (You found it on level 5 of the Dungeon)

   Int:       It affects your intelligence (+4).
   rC:        It greatly protects you from cold.
   Contam:    It causes magical contamination when unequipped.
Jewellery
 l - a ring of protection from cold (left hand)
 y - a ring of see invisible
 F - a ring of protection from fire (right hand)
Wands
 r - a wand of flame (9)
 H - a wand of paralysis (4)
Scrolls
 D - a scroll of fog
Potions
 b - 2 potions of magic
 c - 4 potions of berserk rage
 d - a potion of attraction {unknown}
 g - a potion of invisibility {unknown}
 h - 3 potions of flight
 i - a potion of brilliance {unknown}
 n - 6 potions of curing
 o - a potion of resistance {unknown}
 p - a potion of heal wounds {unknown}
 u - 3 potions of lignification
 v - a potion of degeneration {unknown}
 A - 2 potions of might


   Skills:
 + Level 1.5 Fighting
 * Level 3.0 Armour
 + Level 2.0 Dodging
 + Level 2.5 Stealth
 * Level 5.2 Spellcasting
 * Level 4.3 Conjurations
 * Level 6.1 Fire Magic


You had 7 spell levels left.
You knew the following spells:

 Your Spells              Type           Power      Damage    Failure   Level
a - Foxfire               Conj/Fire      92%        2x1d8     1%          1
b - Scorch                Fire           52%        2d7       1%          2
c - Inner Flame           Hex/Fire       15%        N/A       14%         3
d - Flame Wave            Conj/Fire      23%        2d8       19%         4

Your spell library contained the following spells:

 Spells                   Type           Power      Damage    Failure   Level
 Apportation              Tloc           8%         N/A       17%         1
 Necrotise                Necr           16%        1d4       17%         1
 Summon Small Mammal      Summ           16%        N/A       17%         1
 Dazzling Flash           Conj/Hex       24%        N/A       21%         3
 Hailstorm                Conj/Ice       12%        3d5       21%         3
 Kindle Blastsparks       Fire/Tloc/Air  24%        2d12      22%         3
 Iskenderun's Mystic Bla  Conj/Tloc      12%        2d5       54%         4
 Airstrike                Air            2%         2d(1-17)  86%         4
 Cause Fear               Hex            2%         N/A       86%         4
 Ice Form                 Ice/Tmut       4%         N/A       86%         4
 Summon Lightning Spire   Summ/Air       4%         N/A       86%         4
 Irradiate                Conj/Tmut      6%         3d13      88%         5
 Lightning Bolt           Conj/Air       6%         1d18      88%         5
 Starburst                Conj/Fire      11%        6d5       96%         6
 Blade Hands              Tmut           2%         N/A       99%         5
 Simulacrum               Ice/Necr       2%         N/A       100%        6
 Dragon Form              Tmut           2%         N/A       100%        7
 Discord                  Hex            2%         N/A       100%        8


Dungeon Overview and Level Annotations

Branches:
Dungeon (6/15)
 Temple: D:4-7

Altars:
Kikubaaqudgha


Innate Abilities, Weirdness & Mutations

You are immune to sickness and miasma.
Your stone body is resilient. (AC +5)
You are immune to poison.
You resist negative energy. (rN+)
You are resistant to electric shocks. (rElec)
You are resistant to unholy torment.
You are immune to petrification.


Message History

The wight's fire resistance burns away.
The foxfire hits the wight!
The wight is burned terribly!
You destroy the wight!
A hound comes into view.
The foxfire hits the orc!
You kill the orc!
An orc comes into view. It is wielding a +0 trident.
A wight comes into view. It is wielding a +0 scimitar.
An orc comes into view. It is wielding a +0 club.
A hound comes into view.
You see here a black bear corpse.
An orc comes into view. It is wielding a +0 whip.
A howler monkey comes into view.
The orc hits you but does no damage.
A necrophage comes into view.
The hound misses you. The hound attacks as you move away!
The hound closely misses you. The hound bites you but does no damage.
The hound attacks as you move away! The hound bites you.
The hound attacks as you move away! The hound bites you.
The hound bites you but does no damage. The troll closely misses you.
The troll claws you. The troll claws you but does no damage.
The hound bites you but does no damage.
A wight comes into view. It is wielding a +5 trident.
The orc misses you. The hound bites you but does no damage.
The troll attacks as you move away! The troll barely misses you.
The troll claws you. The troll closely misses you.
An orc and an orc priest come into view.
The orc is wielding a +0 dagger of venom.
The sentinel's mark upon you fades away.
A necrophage comes into view.
The wight misses you. The orc barely misses you. The orc completely misses you.
The wight attacks as you move away! The wight hits you with a +0 halberd.
The orc priest mumbles some strange prayers to Beogh against you.
Beogh smites you! The orc hits you with a +0 club.
* * * LOW HITPOINT WARNING * * *
The orc closely misses you.
The wight hits you from afar with a +0 halberd!
You die...

#.###.######
#.#........#
#.#[#.####.#
#.#.#).....###########
##.#.#......#.........#
............'...>.....+
##.#.#....[.#.........#
...#.#......#..T......#
...#.......##.oh@.....#
...####+#####.zoo.....#
...##......##.hhz.....#
...##......'...n.######
...##...[..####.z#
#####......# #.o#
........# #on#
........# #..#
........# #..#


You could see a troll, 2 necrophages, a howler monkey, 2 hounds, 3 wights, an
orc priest and 4 orcs.

Vanquished Creatures
  An ice beast (D:5)
  A black bear (D:6)
  2 ogres
  A necrophage (D:5)
  2 scorpions (D:4)
  3 wights (D:6)
  An orc priest (D:5)
  An orc wizard (D:5)
  Terence (D:3)
  An iguana (D:5)
  7 gnolls
  8 adders
  2 shadow imps
  A white imp (D:5)
  An ufetubus (D:3)
  4 dart slugs
  14 orcs
  A ball python (D:1)
  4 bats
  11 endoplasms
  8 giant cockroaches
  12 goblins
  10 hobgoblins
  3 jackals
  2 kobolds
  7 quokkas
  5 frilled lizards
  3 rats
117 creatures vanquished.

Vanquished Creatures (others)
  A goblin (D:3)
  167 foxfires
168 creatures vanquished.

Grand Total: 285 creatures vanquished

Notes
Turn   | Place    | Note
-------+----------+-------------------------------------------
     0 | D:1      | bjtr the Gargoyle Fire Elementalist began the quest for the
                  | Orb.
     0 | D:1      | Reached XP level 1. HP: 10/10 MP: 3/3
   108 | D:1      | Reached XP level 2. HP: 15/15 MP: 3/5
   425 | D:1      | Reached XP level 3. HP: 19/19 MP: 2/6
   633 | D:1      | Learned a level 2 spell: Scorch
   637 | D:1      | Learned a level 3 spell: Inner Flame
   679 | D:1      | Found a faded altar of an unknown god.
  1339 | D:2      | Reached XP level 4. HP: 14/24 MP: 4/7
  1995 | D:2      | Reached XP level 5. HP: 10/28 MP: 0/9
  2260 | D:3      | Reached skill level 1 in Armour
  2338 | D:3      | Noticed Terence
  2358 | D:3      | Killed Terence
  2578 | D:3      | Reached skill level 4 in Fire Magic
  3046 | D:3      | Learned a level 4 spell: Flame Wave
  3392 | D:4      | Reached skill level 1 in Fighting
  3556 | D:4      | Reached XP level 6. HP: 34/34 MP: 3/11
  4018 | D:4      | Found an ancient bone altar of Kikubaaqudgha.
  4135 | D:4      | Reached XP level 7. HP: 38/38 MP: 2/12
  4655 | D:5      | Entered Level 5 of the Dungeon
  4775 | D:5      | Reached skill level 5 in Fire Magic
  4871 | D:5      | Identified the +5 plate armour of the Dwarven Hall {Contam
                  | rC++ Int+4}
  5681 | D:6      | Noticed a troll
  5804 | D:6      | Reached XP level 8. HP: 43/43 MP: 11/15
  6002 | D:6      | Reached skill level 5 in Spellcasting
  6010 | D:6      | Reached skill level 6 in Fire Magic
  6029 | D:6      | Slain by a wight

Illustrated notes

Levels and vault maps discovered:
D:1:      lemuel_arrival_behind_the_door_large, layout_loops_ring,
          hellmonk_ecumenical_altar_heavens_door, grunt_decor_fettered,
          minmay_pentomino_t4
D:2:      layout_basic
D:3:      layout_basic, minmay_vboxes, uniq_terence
D:4:      layout_loops_ring, nicolae_overflow_hidden_temple,
          kennysheep_generic_room_8
D:5:      layout_basic
D:6:      layout_basic, mainiacjoe_overflow_six_doors_small, uniq_prince_ribbit1

Skill      XL: |  1  2  3  4  5  6  7  8 |
---------------+-------------------------+-----
Conjurations   | 2 3 4 |  4.3
Armour         | 1 2 3 |  3.0
Spellcasting   | 3 4 5 |  5.2
Fire Magic     | 4 5 6 |  6.1
Fighting       | 1 |  1.5
Dodging        | 2 |  2.0
Stealth        | |  2.5

Action                   |  1- 3 |  4- 6 |  7- 9 || total
-------------------------+-------+-------+-------++-------
Melee: Unarmed           |     1 |       |       ||     1
       Hand axe          |    21 |       |       ||    21
       Dagger            |    18 |     4 |       ||    22
       Trident           |     4 |    18 |     6 ||    28
       Flail             |       |       |     9 ||     9
       Dire flail        |       |       |     2 ||     2
Throw: Dart              |    12 |     7 |       ||    19
 Cast: Foxfire           |    44 |    42 |    12 ||    98
       Scorch            |     2 |    41 |    36 ||    79
       Inner Flame       |       |     2 |     5 ||     7
  Use: Scroll            |       |     8 |     3 ||    11
Armor: Robe              |    23 |     8 |       ||    31
       Leather armour    |       |     9 |    16 ||    25
Dodge: Dodged            |    45 |    30 |    25 ||   100

Table legend: (Time is in decaauts)
 A = Elapsed time spent in this place.
 B = Non-inter-level travel time spent in this place.
 C = Inter-level travel time spent in this place.
 D = Time resting spent in this place.
 E = Time spent auto-exploring this place.
 F = Levels seen in this place.
 G = Mean time per level.
                   A        B        C        D        E       F      G
               +--------+--------+--------+--------+--------+-----+--------+
         Total |   6043 |   5810 |    233 |   1102 |   3605 |   6 | 1007.2 |
       Dungeon |   6043 |   5810 |    233 |   1102 |   3605 |   6 | 1007.2 |
               +--------+--------+--------+--------+--------+-----+--------+

Top non-repeatable levels by time:
     D:3: 1340 daAuts
     D:1: 1246 daAuts
     D:4: 1176 daAuts
     D:5: 1036 daAuts
     D:2: 911 daAuts
     D:6: 332 daAuts
